 Dungeon Crawl Stone Soup version 0.28.0-53-g5a82cb258f (webtiles) character file.

Game seed: 7747692891644768167

574773 fictitious the Cryomancer (level 27, -25/238 HPs)
             Began as a Merfolk Gladiator on May 25, 2022.
             Was the Champion of Jiyva.
             Annihilated by an Orb Guardian (33 damage)
             ... on level 5 of the Realm of Zot on May 26, 2022.
             The game lasted 06:49:10 (85339 turns).

fictitious the Cryomancer (Merfolk Gladiator)      Turns: 85339, Time: 06:49:10

Health: -25/238    AC: 26    Str: 30    XL:     27
Magic:  42/48      EV: 28    Int: 25    God:    Jiyva [******]
Gold:   265        SH:  0    Dex: 24    Spells: 4/50 levels left

rFire   + + .      SeeInvis +   a - +9 bardiche (spect)
rCold   + + .      Faith    +   (shield currently unavailable)
rNeg    + + +      Spirit   .   w - +1 pearl dragon scales
rPois   +          Reflect  .   n - +2 helmet "Cahootoa" {Str+4 Slay+2}
rElec   +          Harm     .   s - +2 cloak {rPois}
rCorr   +          Rampage  .   T - +0 pair of gloves "Loreap" {Int+6}
rMut    +          Clarity  +   X - +1 pair of boots of Life {rC+ Will+ SInv}
Will    +++++                   C - amulet "Zohuhob" {Faith rElec Will+ Str+4}
Stlth   ..........              r - ring "Zoutep" {rN++ Str+6 Int+2 Dex+6}
HPRegen 2.09/turn               E - ring "Voruaklin" {rF+ Will+ MP+9 Int+2 Dex-2}
MPRegen 0.81/turn

@: about to teleport, resistant, on vortex cooldown, hasted, invisible, very
quick
A: (nimble swimmer 2), mertail, clarity, strong-willed 1, mutation resistance 3,
robust 1, gelatinous body 1, pseudopods 1, jelly absorbing missiles
}: 3/15 runes: serpentine, barnacled, slimy
a: Renounce Religion, Oozemancy, Slimify


You were on level 5 of the Realm of Zot.
You worshipped Jiyva.
Jiyva was exalted by your worship.
You visited 11 branches of the dungeon, and saw 53 of its levels.
You visited 1 bazaar.
You also visited: Ossuary, Bailey, Ice Cave and Desolation.

You collected 7646 gold pieces.
You spent 7381 gold pieces at shops.

Inventory:

Hand Weapons
 a - a +9 spectral bardiche (weapon)
 b - the +18 lance "Wyrmbane" {slay drac, rPois rF+ rC+ AC+3}
   (You found it in the Desolation of Salt)

   It inflicts extra damage against dragons and draconians.
   AC:        It affects your AC (+3).
   rF:        It protects you from fire.
   rC:        It protects you from cold.
   rPois:     It protects you from poison.
Missiles
 d - 6 throwing nets
 o - 4 javelins
 p - 3 boomerangs of dispersal
 x - 20 silver javelins (quivered)
Armour
 e - a scarf of resistance
 g - a +2 helmet of see invisible
 h - a +1 kite shield of cold resistance
 n - the +2 helmet "Cahootoa" (worn) {Str+4 Slay+2}
   (You found it on level 2 of the Vaults)

   Str:       It affects your strength (+4).
   Slay:      It affects your accuracy & damage with ranged weapons and melee
   (+2).
 s - a +2 cloak of poison resistance (worn)
 w - +1 pearl dragon scales (worn)
 T - the +0 pair of gloves "Loreap" (worn) {Int+6}
   (You bought it in a shop on level 13 of the Dungeon)

   Int:       It affects your intelligence (+6).
 W - a +1 pair of boots of flying
 X - the +1 pair of boots of Life (worn) {rC+ Will+ SInv}
   (You found it on level 3 of the Elven Halls)

   rC:        It protects you from cold.
   SInv:      It lets you see invisible.
   Will:      It increases your willpower.
Magical Staves
 D - a staff of cold
Jewellery
 l - the ring of Micejoloorr {Int+4 Dex+6}
   (You found it on level 3 of the Depths)

   [ring of dexterity]

   Int:       It affects your intelligence (+4).
   Dex:       It affects your dexterity (+6).
 r - the ring "Zoutep" (left hand) {rN++ Str+6 Int+2 Dex+6}
   (You found it on level 3 of the Depths)

   [ring of strength]

   Str:       It affects your strength (+6).
   Int:       It affects your intelligence (+2).
   Dex:       It affects your dexterity (+6).
   rN:        It greatly protects you from negative energy.
 t - a ring of wizardry
 y - the amulet of the Four Winds {rN+ Will+++ Clar}
   (You took it off a deep elf master archer on level 3 of the Elven Halls)

   [amulet of nothing]

   rN:        It protects you from negative energy.
   Clar:      It protects you against confusion.
   Will:      It greatly increases your willpower.
 C - the amulet "Zohuhob" (around neck) {Faith rElec Will+ Str+4}
   (You found it on level 3 of the Depths)

   [amulet of faith]

   It allows you to gain divine favour quickly.
   Str:       It affects your strength (+4).
   rElec:     It insulates you from electricity.
   Will:      It increases your willpower.
 E - the ring "Voruaklin" (right hand) {rF+ Will+ MP+9 Int+2 Dex-2}
   (You found it in the Desolation of Salt)

   [ring of willpower]

   Int:       It affects your intelligence (+2).
   Dex:       It affects your dexterity (-2).
   rF:        It protects you from fire.
   MP:        It affects your magic capacity (+9).
   Will:      It increases your willpower.
 G - a ring of protection from cold
 P - a +4 ring of evasion
 Y - a ring of protection from fire
 Z - a +4 ring of protection
Wands
 A - a wand of acid (4)
 B - a wand of iceblast (24)
 I - a wand of digging (20)
Scrolls
 k - 4 scrolls of amnesia
 u - 2 scrolls of teleportation
 M - 2 scrolls of silence
 N - 4 scrolls of brand weapon {!r}
 R - 4 scrolls of fog
Potions
 c - 3 potions of flight
 i - 7 potions of might
 j - 2 potions of magic
 m - 4 potions of cancellation
 q - 12 potions of brilliance
 v - 18 potions of curing
 K - 8 potions of ambrosia
 L - 6 potions of haste {!q}
 Q - 4 potions of berserk rage
 S - 11 potions of mutation {!q}
Miscellaneous
 f - a phial of floods
 V - a phantom mirror (inert)


   Skills:
 - Level 18.0 Fighting
 - Level 24.0 Polearms
 - Level 10.0 Throwing
 - Level 17.0 Armour
 - Level 20.0 Dodging
 - Level 12.0 Spellcasting
 - Level 6.9 Conjurations
 - Level 8.0 Hexes
 - Level 5.0 Necromancy
 - Level 6.0 Transmutations
 + Level 24.7 Ice Magic
 - Level 12.2 Air Magic
 - Level 4.0 Poison Magic


You had 4 spell levels left.
You knew the following spells:

 Your Spells              Type           Power      Damage    Failure   Level
a - Hailstorm             Conj/Ice       76%        3d16      1%          4
b - Frozen Ramparts       Ice            100%       1d12      0%          3
c - Wereblood             Tmut           45%        N/A       1%          2
d - Metabolic Englaciati  Hex/Ice        38%        N/A       1%          5
e - Freezing Cloud        Conj/Ice/Air   36%        6-21      1%          5
f - Ozocubu's Refrigerat  Ice            47%        4d14      1%          7
g - Silence               Hex/Air        30%        N/A       3%          5
h - Polar Vortex          Ice            47%        N/A       28%         9
o - Swiftness             Air            66%        N/A       1%          3
z - Ozocubu's Armour      Ice            95%        N/A       0%          3

Your spell library contained the following spells:

 Spells                   Type           Power      Damage    Failure   Level
 Ensorcelled Hibernation  Hex/Ice        100%       N/A       0%          2
 Animate Skeleton         Necr           80%        N/A       1%          1
 Beastly Appendage        Tmut           90%        N/A       1%          1
 Foxfire                  Conj/Fire      100%       2x1d9     1%          1
 Magic Dart               Conj           100%       1d8       1%          1
 Shock                    Conj/Air       100%       1d9       1%          1
 Static Discharge         Conj/Air       58%        N/A       1%          2
 Sublimation of Blood     Necr           40%        N/A       1%          2
 Dazzling Flash           Conj/Hex       100%       N/A       1%          3
 Mephitic Cloud           Conj/Pois/Air  52%        N/A       1%          3
 Tukima's Dance           Hex            53%        N/A       1%          3
 Airstrike                Air            33%        N/A       1%          4
 Ice Form                 Ice/Tmut       75%        N/A       1%          4
 Summon Ice Beast         Ice/Summ       67%        N/A       1%          4
 Spider Form              Tmut/Pois      40%        N/A       2%          3
 Passwall                 Tmut/Erth      25%        N/A       3%          2
 Fulminant Prism          Conj/Hex       25%        3d14      3%          4
 Inner Flame              Hex/Fire       35%        N/A       4%          3
 Anguish                  Hex/Necr       23%        N/A       4%          4
 Conjure Flame            Conj/Fire      32%        6-21      5%          3
 Ignite Poison            Fire/Tmut/Pois 31%        N/A       5%          3
 Summon Lightning Spire   Summ/Air       45%        N/A       6%          4
 Apportation              Tloc           30%        N/A       7%          1
 Summon Small Mammal      Summ           60%        N/A       7%          1
 Animate Dead             Necr           20%        N/A       9%          4
 Dispel Undead            Necr           40%        3d16      9%          4
 Call Imp                 Summ           15%        N/A       11%         2
 Scorch                   Fire           30%        2d6       11%         2
 Leda's Liquefaction      Hex/Erth       17%        N/A       14%         4
 Flame Wave               Conj/Fire      32%        2d8       17%         4
 Iskenderun's Mystic Bla  Conj/Tloc      32%        2d8       17%         4
 Sticky Flame             Conj/Fire      32%        2d5       17%         4
 Petrify                  Tmut/Erth      30%        N/A       21%         4
 Gell's Gravitas          Tloc           15%        N/A       22%         3
 Lesser Beckoning         Tloc           15%        N/A       22%         3
 Teleport Other           Tloc           15%        N/A       22%         3
 Simulacrum               Ice/Necr       37%        N/A       2%          6
 Lightning Bolt           Conj/Air       29%        1d45      3%          5
 Iskenderun's Battlesphe  Conj           49%        2d10      12%         5
 Irradiate                Conj/Tmut      23%        3d21      14%         5
 Conjure Ball Lightning   Conj/Air       29%        3x3d8     22%         6
 Agony                    Necr           40%        N/A       24%         5
 Alistair's Intoxication  Tmut/Pois      26%        N/A       26%         5
 Summon Mana Viper        Hex/Summ       35%        N/A       36%         5
 Fireball                 Conj/Fire      16%        3d8       43%         5
 Borgnjor's Vile Clutch   Necr/Erth      13%        N/A       56%         5
 Eringya's Noxious Bog    Tmut/Pois      20%        N/A       80%         6
 Manifold Assault         Tloc           15%        N/A       89%         5
 Enfeeble                 Hex            26%        N/A       92%         7
 Iron Shot                Conj/Erth      16%        9d4       95%         6
 Starburst                Conj/Fire      16%        6d6       95%         6
 Statue Form              Tmut/Erth      20%        N/A       97%         6
 Dispersal                Tloc           7%         N/A       100%        6
 Summon Cactus Giant      Summ           7%         N/A       100%        6
 Haunt                    Necr/Summ      13%        N/A       100%        7
 Summon Hydra             Summ           7%         N/A       100%        7
 Discord                  Hex            26%        N/A       100%        8
 Disjunction              Tloc           7%         N/A       100%        8
 Ignition                 Fire           7%         3d5       100%        8
 Infestation              Necr           20%        N/A       100%        8
 Chain Lightning          Conj/Air       29%        3d38      100%        9


Dungeon Overview and Level Annotations

Branches:
Dungeon (15/15)            Temple (1/1) D:6            Lair (6/6) D:10
 Shoals (4/4) Lair:2        Snake (4/4) Lair:4        Slime (5/5) Lair:5
    Orc (2/2) D:12            Elf (3/3) Orc:2        Vaults (4/5) D:13
  Crypt (0/3) Vaults:2     Depths (4/4) D:15            Zot (5/5) Depths:4
Ossuary (visited)          Bailey (visited)           IceCv (visited)
Desolation (visited)

Altars:
Ashenzari
Cheibriados
Dithmenos
Elyvilon
Fedhas
Gozag
Hepliaklqana
Kikubaaqudgha
Makhleb
Nemelex Xobeh
Okawaru
Qazlal
Ru
Sif Muna
Trog
Uskayaw
Vehumet
Wu Jian
Xom
Yredelemnul
Zin
The Shining One
Jiyva

Shops:
D:9 *   D:12 *   D:13 *   Orc:2 *!*!   Elf:2 [   Shoals:3 *   Snake:4 [
Vaults:1 (   Vaults:3 !   Depths:2 !

Portals:
Hell: Depths:1 Depths:2 Depths:3 Depths:4
Abyss: Zot:4 Depths:3 Depths:4
Pandemonium: Depths:2 Depths:4
Ziggurat: Depths:4

Annotations:
Lair:3 exclusion: oklob plant
Snake:4 1 runed translucent door, Jingleheimer's ghost, adept GrCj
Slime:5 Royal Jelly
Elf:2 3 runed translucent doors
Vaults:2 Bai Suzhen
Vaults:4 3 runed translucent doors
Zot:4 2 transporters, ShutUppercut's ghost, legendary DsGl


Innate Abilities, Weirdness & Mutations

((You are very nimble when in or above water. (Stealth+, EV+, Speed+++)))
Your lower body shifts to a powerful aquatic tail in water.
You possess an exceptional clarity of mind.
You are strong-willed. (Will+)
You are almost entirely resistant to further mutation and mutation removal.
You are robust. (+10% HP)
Your rubbery body absorbs attacks. (AC +1, EV +1)
Armour fits poorly on your pseudopods.
You have a small jelly attached to you that may absorb projectiles.


Message History

The white draconian breathes frost at you.
The blast of cold misses you.
You feel much better.
The winds around you start to calm down.
You float gracefully downwards.
The Orb Guardian misses you.
Okay, then.
Unknown command.
Okay, then.
Casting: Hailstorm (safe; 1% risk of failure)
Confirm with . or Enter, or press ? or * to list all spells.
Okay, then.
Unknown command.
Casting: Hailstorm (safe; 1% risk of failure)
Confirm with . or Enter, or press ? or * to list all spells.
Okay, then.
Unknown command.
Press: ? - help, v - describe, . - travel The floor.
There is a cloud of whirling frost here.
Unknown command.
Okay, then.
Aiming: Phantom Mirror
Press: ? - help, Dir - move target, f - Orb Guardian
Aim: an Orb Guardian (whirling frost, moderately wounded)
You reflect the Orb Guardian with the mirror!
The mirror clouds!
The death cob closely misses you.
An orb of fire comes into view.
The death cob barely misses you.
The Orb Guardian hits your Orb Guardian!!
The death cob misses you.
You feel protected.
You feel yourself speed up. The Orb Guardian hits you!!!
* * * LOW HITPOINT WARNING * * *
The death cob completely misses you. The Orb Guardian closely misses you.
The Orb Guardian hits you!!
You die...

,,,,,,,,***,,^***********^,,***,,
,,,,,,,**,,,,** **^,,,**,
,^,,,,,,^,,*** ***,,^^,
************ ****** ,,,,,,,****
****, ,,,,,,,,,,*** ***,,,,
,,,,,,,,,,,,** **,,,,,,
,,,,,,,,,,,,,* ▓▓▓▓▓▓▓▓▓ *,,,,,,,
,^,,,,,,,,,,,**▓@XXX§..▓▓*,,,.,,,
,,,,,,,,^,,,,*▓.Xz§dX...▓▓,...,,,
,,,,,,,,,,,,,▓§§§XX§§§...▓...$,,,
,,,,,,,,,,,,.*..§§§0§§..^...*.,,,
,,,,,,,^,,,..▓§§^..§§§...▓..X,,,,
,,,,,,,,,....▓▓^....§...▓▓.....,,
,,,,,,,,,...,*▓▓.....^.▓▓*,....,,
,,,,,,,,,.^,,* ▓▓▓▓▓▓▓▓▓ *,,...,,
,,,,,,,,,,,,** **,...,,


You could see an orb of fire, a white draconian, a death cob, 6 Orb Guardians
and a friendly Orb Guardian (summoned, drained).

Vanquished Creatures
  A dread lich (Depths:3)
  An orb of fire (Zot:1)
  Saint Roka (Elf:3)
  5 caustic shrikes
  A curse toe (Zot:3)
  6 golden dragons
  the Enchantress (Depths:2)
  2 electric golems
  Jorgrun (Shoals:1)
  13 tentacled monstrosities
  2 deep elf blademasters (Elf:3)
  6 Orb Guardians (Zot:5)
  A lich (Depths:2)
  10 quicksilver dragons
  2 deep elf master archers (Elf:3)
  2 sphinxes
  Gastronok (Lair:3)
  Frances (D:14)
  11 death cobs
  5 acid blobs
  A tengu reaver (Depths:3)
  10 shadow dragons
  12 storm dragons
  A revenant (Vaults:2)
  4 azure jellies
  Kirke (Lair:4)
  Donald (Vaults:3)
  3 draconian knights
  4 nagarajas
  8 fire giants
  A rockslime (Slime:1)
  2 ghost moths
  Aizul (Snake:1)
  3 deep elf sorcerers (Elf:3)
  4 draconian scorchers
  9 vault wardens
  An iron dragon (Depths:4)
  3 frost giants
  A spectral juggernaut (Depths:1)
  2 deep elf elementalists (Elf:3)
  An orc warlord (Orc:2)
  5 draconian shifters
  A reaper (IceCv)
  3 war gargoyles
  4 draconian stormcallers
  19 very ugly things
  13 ironbound preservers
  2 quicksilver oozes
  3 spriggan defenders (Depths:2)
  2 draconian annihilators
  A vampire knight (Depths:4)
  15 stone giants
  6 deep elf demonologists (Elf:3)
  6 ironbound thunderhulks
  6 black draconians
  10 green draconians
  6 deep elf annihilators
  A lorocyproca (Depths:2)
  5 red draconians
  4 entropy weavers
  7 yellow draconians
  3 halazid warlocks (Desolation)
  Azrael (D:14)
  2 spark wasps
  8 purple draconians
  6 dire elephants
  11 white draconians
  Snorg (D:12)
  6 merfolk javelineers
  Josephine (Orc:1)
  9 ettins
  5 deep elf death magi
  3 crystal guardians (Desolation)
  The ghost of Holdthepickle the Warrior, a novice OgBe of Trog (D:8)
  5 merfolk impalers
  5 jiangshi
  3 deep elf high priests
  6 fire dragons
  8 yaktaur captains
  3 rakshasas
  Erolcha (D:13)
  2 ogre magi (D:15)
  4 ragged hierophants (Desolation)
  5 boulder beetles
  10 naga warriors
  16 hydras
  2 great orbs of eyes
  6 merfolk avatars
  A quicksilver dragon skeleton (Vaults:1)
  12 vault guards
  4 servants of whispers (Desolation)
  6 salamander tyrants
  2 spriggan air magi (Depths:2)
  5 ice dragons
  19 centaur warriors
  3 ironbound frosthearts
  4 catoblepae
  8 peacekeepers
  2 alligator snapping turtles
  2 death knights (D:15)
  A satyr (Shoals:1)
  8 two-headed ogres
  8 merfolk aquamancers
  2 anacondas (Snake:3)
  17 dancing weapons
  3 vampire magi
  12 death yaks
  Urug (D:12)
  9 deep troll earth magi
  2 tengu warriors
  9 deep troll shamans
  13 naga sharpshooters
  2 spriggan berserkers
  5 orc high priests
  5 shock serpents
  A hell knight (Vaults:2)
  Nergalle (Lair:4)
  8 skeletal warriors
  12 deep elf knights
  The ghost of pkoi the Martial Artist, a novice DgGl (D:9)
  A fire crab (shapeshifter) (D:15)
  10 iron trolls
  A death drake (Depths:3)
  7 salamander mystics
  2 glowing orange brains
  10 sea snakes
  A sixfirhy (Depths:2)
  6 naga ritualists
  50 deep trolls
  A shadow demon (Depths:4)
  An obsidian statue (Depths:1)
  15 deep elf archers
  9 orc knights
  9 ironbound convokers
  9 wizards
  12 lindwurms
  19 harpies
  An oklob plant (D:10)
  3 shining eyes
  The ghost of Conor the Magician, a novice DrTm of Makhleb (D:9)
  26 deep elf pyromancers
  A wolf spider (D:14)
  3 phantasmal warriors
  25 deep elf zephyrmancers
  22 fauns
  12 mana vipers
  44 ugly things
  12 cyclopes
  22 moths of wrath
  A frost giant zombie (Vaults:1)
  5 orc sorcerers
  20 manticores
  9 elephants
  7 merfolk sirens
  2 salamanders (shapeshifter)
  3 ice statues
  7 guardian serpents
  Maurice (D:12)
  A water nymph (shapeshifter) (Vaults:4)
  13 salamanders
  33 black mambas
  A black mamba (shapeshifter) (D:15)
  An orange demon (Depths:2)
  A torpor snail (Lair:6)
  12 water nymphs
  14 vault sentinels
  Maggie (D:9)
  3 smoke demons
  24 naga magi
  A guardian serpent (shapeshifter) (Depths:2)
  11 cane toads
  A yaktaur zombie (Vaults:1)
  4 gargoyles
  2 rime drakes
  An unseen horror (D:11)
  5 komodo dragons
  A kobold demonologist (D:13)
  19 yaktaurs
  4 ice devils
  2 freezing wraiths (D:15)
  A komodo dragon (shapeshifter) (D:15)
  4 tengu conjurers
  An anaconda simulacrum (Elf:2)
  27 merfolk
  An entropy weaver simulacrum (IceCv)
  A hellwing (Depths:2)
  7 trolls
  A meliai (D:15)
  2 wind drakes (Shoals:3)
  A queen bee (Lair:3)
  3 hornets
  2 polar bears
  46 saltlings (Desolation)
  A tarantella (Vaults:3)
  8 blink frogs
  71 slime creatures
  A dream sheep (shapeshifter) (Depths:1)
  4 dream sheep (Lair:6)
  12 snapping turtles
  2 culicivoras (Vaults:2)
  A vampire (D:12)
  3 centaur simulacra (D:15)
  6 wraiths
  2 air elementals (Elf:3)
  6 wyverns
  2 flying skulls (Vaults:2)
  3 spriggans (Depths:2)
  19 water elementals
  51 yaks
  3 hogs (Lair:5)
  7 fire elementals
  2 death yak simulacra (IceCv)
  7 basilisks
  A chaos spawn (Depths:4)
  A steam dragon (D:9)
  8 vampire mosquitoes
  6 redbacks
  39 nagas
  4 wargs
  A harpy simulacrum (IceCv)
  A swamp worm (shapeshifter) (D:15)
  14 water moccasins
  An acid dragon (D:11)
  Duvessa (D:4)
  A swamp drake (D:12)
  4 hell hounds (D:14)
  A meliai simulacrum (D:15)
  An ice beast (D:8)
  34 orc warriors
  5 sky beasts
  4 black bears
  A hornet zombie (Ossuary)
  6 boggarts
  11 ogres
  2 black mamba simulacra (Elf:2)
  2 fire dragon simulacra (Elf:2)
  A necrophage (D:6)
  13 centaurs
  A phantom (D:6)
  A kobold brigand (D:7)
  A gnoll sergeant (D:9)
  12 bullfrogs
  3 two-headed ogre simulacra (IceCv)
  3 earth elementals
  4 cane toad simulacra (IceCv)
  3 wyvern zombies (Ossuary)
  A wyvern skeleton (D:7)
  2 water moccasin zombies
  Dowan (D:4)
  A water moccasin skeleton (D:6)
  2 elephant simulacra
  31 killer bees
  An electric eel (Lair:2)
  3 howler monkeys
  6 bullfrog zombies
  5 centaur zombies
  6 jellies
  A gnoll shaman (D:5)
  3 hounds
  A bullfrog skeleton (D:4)
  37 orc priests
  Crazy Yiuf (D:2)
  3 centaur skeletons
  12 mummies (Ossuary)
  3 iguanas
  A scorpion zombie (D:5)
  26 orc wizards
  6 spriggan simulacra (IceCv)
  A polar bear simulacrum (IceCv)
  7 troll simulacra
  2 wolf simulacra (IceCv)
  Robin (D:4)
  11 gnolls
  5 naga simulacra
  8 adders
  A shadow imp (D:5)
  8 white imps
  4 ufetubi (IceCv)
  A worm (D:2)
  2 dart slugs
  80 orcs
  5 bats
  7 endoplasms
  6 giant cockroaches
  10 hobgoblins
  5 quokkas
  12 ball pythons
  4 frilled lizards
  15 goblins
  13 kobolds
  5 rats
1996 creatures vanquished.

Vanquished Creatures (collateral kills)
  A saltling (Desolation)
1 creature vanquished.

Vanquished Creatures (others)
  Mara (Depths:3)
  A sphinx (shapeshifter) (Zot:4)
  A fire giant (Depths:3)
  An ironbound preserver (Vaults:1)
  3 great orbs of eyes
  A ragged hierophant (Desolation)
  A yaktaur captain (Vaults:1)
  An ogre mage (D:15)
  An ironbound frostheart (Vaults:1)
  A fire crab (shapeshifter) (Zot:4)
  5 glowing orange brains
  A steelbarb worm (shapeshifter) (Zot:4)
  3 wizards
  2 ironbound convokers
  A mana viper (Snake:3)
  A deep elf archer (Elf:1)
  A necromancer (Vaults:1)
  A deep elf zephyrmancer (Elf:2)
  An orc sorcerer (Elf:3)
  A shining eye (shapeshifter) (Vaults:4)
  2 vault sentinels (Vaults:3)
  A merfolk siren (Shoals:1)
  A rime drake (Depths:3)
  8 yaktaurs (Vaults:1)
  A floating eye (Depths:3)
  A merfolk (Shoals:2)
  20 slime creatures
  A golden eye (shapeshifter) (Vaults:4)
  A water elemental (Shoals:1)
  2 wolves (shapeshifter) (Vaults:4)
  A centaur (shapeshifter) (Vaults:4)
  A scorpion (shapeshifter) (Vaults:4)
  A jelly (shapeshifter) (Vaults:4)
  96 jellies
  An endoplasm (shapeshifter) (Vaults:4)
  A bat (shapeshifter) (Vaults:4)
  46 fungi
  A lurking horror (Zot:4)
  237 plants
  6 withered plants (Ossuary)
458 creatures vanquished.

Grand Total: 2455 creatures vanquished

Notes
Turn   | Place    | Note
-------+----------+-------------------------------------------
     0 | D:1      | fictitious the Merfolk Gladiator began the quest for the
                  | Orb.
     0 | D:1      | Reached XP level 1. HP: 16/16 MP: 1/1
   328 | D:1      | Reached skill level 5 in Polearms
   344 | D:1      | Reached XP level 2. HP: 22/22 MP: 2/2
  1042 | D:1      | Reached XP level 3. HP: 27/27 MP: 3/3
  1184 | D:1      | Found a faded altar of an unknown god.
  1634 | D:2      | Found a basalt altar of Yredelemnul.
  2106 | D:2      | Found a runed translucent door.
  2107 | D:2      | Noticed Crazy Yiuf
  2167 | D:2      | Reached XP level 4. HP: 30/33 MP: 4/4
  3332 | D:3      | Reached XP level 5. HP: 9/38 MP: 5/5
  3957 | D:4      | Noticed a black bear
  3962 | D:4      | Noticed Robin
  3969 | D:4      | Killed a black bear
  3970 | D:4      | Reached XP level 6. HP: 41/44 MP: 6/6
  3978 | D:4      | Killed Robin
  3979 | D:4      | Reached skill level 10 in Polearms
  4291 | D:4      | Noticed Duvessa
  4954 | D:4      | Identified the +1 leather armour "Ginur" {Str+3 Int+4}
  5044 | D:5      | Entered Level 5 of the Dungeon
  5071 | D:5      | Reached XP level 7. HP: 48/50 MP: 7/7
  5237 | D:5      | Identified the +2 robe of the Black Moon {rF++ Will+ Int+4
                  | Stlth-}
  5896 | D:5      | Reached skill level 5 in Dodging
  5900 | D:5      | Reached XP level 8. HP: 49/58 MP: 6/8
  6527 | D:6      | Noticed a hornet
  6531 | D:6      | Paralysed by a hornet for 1 turns
  6536 | D:6      | Killed a hornet
  6537 | D:6      | Reached XP level 9. HP: 67/67 MP: 6/9
  6540 | D:6      | Reached skill level 5 in Fighting
  7121 | D:6      | Found a staircase to the Ecumenical Temple.
  7130 | Temple   | Entered the Ecumenical Temple
  7443 | D:6      | Found a shadowy altar of Dithmenos.
  7651 | D:7      | Found a sand-covered staircase.
  7656 | Ossuary  | Entered an ossuary
  8579 | D:7      | Reached XP level 10. HP: 74/79 MP: 10/10
  8732 | D:7      | Reached skill level 15 in Polearms
  9873 | D:4      | Noticed Dowan
  9877 | D:4      | Killed Dowan
  9878 | D:4      | Killed Duvessa
 10623 | D:2      | Killed Crazy Yiuf
 10822 | D:7      | Reached skill level 10 in Dodging
 11086 | D:8      | Noticed Holdthepickle's ghost (novice OgBe)
 11228 | D:8      | Found a flagged portal.
 11295 | Bailey   | Entered a bailey
 11683 | Bailey   | Noticed an orc knight
 11683 | Bailey   | Noticed an orc knight
 11750 | Bailey   | Killed an orc knight
 11870 | Bailey   | Killed an orc knight
 12450 | D:8      | Noticed a two-headed ogre
 12462 | D:8      | Reached XP level 11. HP: 86/89 MP: 11/11
 12491 | D:8      | Killed a two-headed ogre
 12787 | D:8      | Found a runed translucent gate.
 12787 | D:8      | Found a runed translucent gate.
 12787 | D:8      | Found a runed translucent gate.
 12981 | D:9      | Noticed Maggie
 13066 | D:9      | Found Yfuhayn's Lightly-Used Armoury.
 13242 | D:9      | Killed Maggie
 13521 | D:8      | Identified a scroll of acquirement
 13521 | D:8      | Acquired a +1 bardiche of protection
 13758 | D:9      | Found a runed translucent gate.
 13758 | D:9      | Found a runed translucent gate.
 13758 | D:9      | Found a runed translucent gate.
 13758 | D:9      | Noticed pkoi's ghost (novice DgGl)
 13759 | D:9      | Noticed Conor's ghost (novice DrTm)
 14056 | D:10     | Entered Level 10 of the Dungeon
 14156 | D:10     | Noticed an oklob plant
 14164 | D:10     | Noticed a two-headed ogre
 14173 | D:10     | Killed a two-headed ogre
 14225 | D:10     | Noticed a two-headed ogre
 14237 | D:10     | Killed a two-headed ogre
 14238 | D:10     | Reached skill level 10 in Fighting
 14452 | D:10     | Noticed a two-headed ogre
 14460 | D:10     | Killed a two-headed ogre
 14795 | D:10     | Found a staircase to the Lair.
 14830 | D:10     | Killed an oklob plant
 14869 | Lair:1   | Entered Level 1 of the Lair of Beasts
 15106 | Lair:1   | Noticed a four-headed hydra
 15134 | Lair:1   | Killed a four-headed hydra
 15341 | Lair:1   | Reached XP level 12. HP: 97/97 MP: 12/12
 16302 | Lair:2   | Found a frozen archway.
 16468 | IceCv    | Entered an ice cave
 17269 | IceCv    | Noticed a reaper
 17286 | IceCv    | Killed a reaper
 17491 | Lair:2   | You fall into a shaft and drop 2 floors!
 17831 | Lair:2   | Found a staircase to the Shoals.
 18316 | Lair:3   | Reached XP level 13. HP: 103/103 MP: 13/13
 18327 | Lair:3   | Reached skill level 1 in Armour
 18649 | Lair:3   | Found an opulent altar of Gozag.
 18661 | Lair:3   | Identified the +8 quarterstaff of Zesur {vamp, rN+ Dex+2
                  | Stlth+}
 18810 | Lair:3   | Noticed Gastronok
 18826 | Lair:3   | Killed Gastronok
 19377 | Lair:4   | Found a staircase to the Snake Pit.
 19473 | Lair:4   | Reached skill level 5 in Armour
 19512 | Lair:4   | Noticed Nergalle
 19534 | Lair:4   | Killed Nergalle
 20632 | Lair:5   | Found a staircase to the Slime Pits.
 21131 | Lair:5   | Noticed Kirke
 21176 | Lair:4   | Killed Kirke
 21785 | Lair:6   | Entered Level 6 of the Lair of Beasts
 21933 | Lair:6   | Reached XP level 14. HP: 87/110 MP: 12/14
 22942 | Lair:6   | Reached skill level 10 in Armour
 23009 | Lair:5   | Reached skill level 1 in Ice Magic
 23184 | Lair:5   | Reached skill level 1 in Spellcasting
 23918 | Lair:6   | Identified the +1 short sword "Nomm" {vorpal, +Blink rElec
                  | rPois rF-}
 24410 | D:11     | Reached skill level 5 in Ice Magic
 25372 | D:11     | You fall into a shaft and drop 2 floors!
 25655 | D:13     | Noticed Erolcha
 25660 | D:13     | Found an opulent altar of Gozag.
 25662 | D:13     | Found Gozag's Platinum Reserve.
 25861 | D:13     | Found a gate to the Vaults.
 25861 | D:13     | Noticed an ironbound preserver
 25881 | D:13     | Killed an ironbound preserver
 25950 | D:13     | Reached XP level 15. HP: 100/115 MP: 16/21
 26566 | D:9      | Bought -1 pearl dragon scales for 1235 gold pieces
 26630 | D:12     | Noticed Urug
 26652 | D:12     | Killed Urug
 27282 | D:12     | Found Zin's Purification Station.
 27285 | D:12     | Found a glowing silver altar of Zin.
 27387 | D:12     | Noticed Maurice
 27404 | D:12     | Killed Maurice
 27592 | D:12     | Found a staircase to the Orcish Mines.
 27681 | Orc:1    | Entered Level 1 of the Orcish Mines
 27681 | Orc:1    | Noticed Snorg
 27701 | D:12     | Killed Snorg
 28191 | Orc:1    | Noticed Josephine
 28197 | Orc:1    | Killed Josephine
 28555 | Orc:2    | Entered Level 2 of the Orcish Mines
 29301 | Orc:1    | Reached skill level 5 in Throwing
 29382 | Orc:2    | Noticed an orc warlord
 29421 | Orc:2    | Found a staircase to the Elven Halls.
 29704 | Orc:2    | Killed an orc warlord
 29865 | Orc:2    | Found Qeam's Assorted Antiques.
 29865 | Orc:2    | Found Parentio's Distillery.
 29867 | Orc:2    | Found Qidu's Distillery.
 29870 | Orc:2    | Found Zeugezues's General Store.
 29873 | Orc:2    | Bought a scroll labelled NIBEGI ECRA for 22 gold pieces
 29883 | Orc:2    | Bought a wand of digging (6) for 176 gold pieces
 29883 | Orc:2    | Bought a potion of curing for 66 gold pieces
 29883 | Orc:2    | Bought a scroll of fear for 77 gold pieces
 29884 | Orc:2    | Bought a potion of heal wounds for 70 gold pieces
 29884 | Orc:2    | Bought a potion of heal wounds for 70 gold pieces
 29884 | Orc:2    | Bought a potion of curing for 42 gold pieces
 29885 | Orc:2    | Bought a potion of heal wounds for 65 gold pieces
 29885 | Orc:2    | Bought a potion of invisibility for 104 gold pieces
 30307 | Shoals:1 | Entered Level 1 of the Shoals
 30607 | Shoals:1 | You fall into a shaft and drop 1 floor!
 30955 | Shoals:1 | Noticed Jorgrun
 31583 | Shoals:1 | Killed Jorgrun
 31584 | Shoals:1 | Reached XP level 16. HP: 124/124 MP: 22/22
 34900 | Shoals:3 | Found Eiamir's Eclectic Emporium.
 36716 | Shoals:3 | Bought a scroll of enchant weapon for 105 gold pieces
 36735 | Shoals:4 | Entered Level 4 of the Shoals
 37493 | Shoals:4 | Reached XP level 17. HP: 132/135 MP: 23/23
 39525 | Shoals:4 | Got a barnacled rune of Zot
 39961 | D:8      | Killed Holdthepickle's ghost
 40094 | D:9      | Killed Conor's ghost
 40104 | D:9      | Killed pkoi's ghost
 40122 | D:9      | Identified the +6 long sword of the Dwarven Hall {vorpal,
                  | rElec Dex+4}
 40884 | D:13     | Killed Erolcha
 40885 | D:13     | Reached skill level 10 in Throwing
 41794 | D:14     | Noticed Azrael
 41806 | D:14     | Killed Azrael
 41807 | D:14     | Reached skill level 15 in Dodging
 41923 | D:14     | Noticed Frances
 41936 | D:14     | Killed Frances
 42411 | D:14     | Learned a level 3 spell: Swiftness
 42417 | D:14     | Learned a level 5 spell: Freezing Cloud
 42436 | D:15     | Entered Level 15 of the Dungeon
 42686 | D:14     | Reached skill level 1 in Air Magic
 43347 | D:15     | Reached skill level 1 in Conjurations
 43980 | D:15     | Found a staircase to the Depths.
 44042 | D:15     | Found a sacrificial altar of Ru.
 44043 | D:15     | Found a white marble altar of Elyvilon.
 44043 | D:15     | Found a stormy altar of Qazlal.
 44095 | D:15     | Reached skill level 5 in Spellcasting
 44127 | D:15     | Reached XP level 18. HP: 146/146 MP: 25/25
 44559 | D:15     | Identified the amulet "Myniofulir" {Faith +Inv rElec Str-4
                  | Stlth+}
 44833 | D:15     | Reached skill level 10 in Ice Magic
 44875 | D:15     | Learned a level 3 spell: Mephitic Cloud
 44975 | D:15     | Reached skill level 5 in Air Magic
 45753 | D:15     | Paralysed by an ogre mage for 5 turns
 46284 | Shoals:3 | Bought a potion of experience for 700 gold pieces
 46285 | Shoals:3 | Reached XP level 19. HP: 152/152 MP: 28/28
 46400 | Snake:1  | Entered Level 1 of the Snake Pit
 46631 | Snake:1  | Noticed Aizul
 46667 | Snake:1  | Killed Aizul
 46965 | Snake:1  | Reached skill level 5 in Conjurations
 47932 | Snake:2  | You fall into a shaft and drop 1 floor!
 48953 | Snake:3  | Learned a level 6 spell: Simulacrum
 49163 | Snake:2  | Reached skill level 1 in Poison Magic
 49516 | Snake:3  | Reached skill level 1 in Necromancy
 49964 | Snake:1  | Reached XP level 20. HP: 59/159 MP: 1/29
 50379 | Snake:4  | Entered Level 4 of the Snake Pit
 50582 | Snake:4  | Found Beotinis's Antique Armour Shoppe.
 51202 | Snake:4  | Found a runed translucent door.
 51202 | Snake:4  | Found a shimmering altar of Xom.
 51202 | Snake:4  | Noticed Jingleheimer's ghost (adept GrCj)
 51279 | Snake:4  | Reached skill level 15 in Ice Magic
 54382 | Snake:4  | Got a serpentine rune of Zot
 55125 | Elf:1    | Entered Level 1 of the Elven Halls
 55367 | Elf:1    | Found a radiant altar of Vehumet.
 56309 | Elf:1    | Reached skill level 10 in Air Magic
 56455 | Elf:1    | Got the Papyrus of Battle Magic
 58743 | Elf:2    | Reached XP level 21. HP: 109/162 MP: 33/33
 59129 | Elf:2    | Reached skill level 5 in Necromancy
 59237 | Elf:2    | Found a runed translucent gate.
 59238 | Elf:2    | Found a runed translucent gate.
 59238 | Elf:2    | Found a runed translucent gate.
 59256 | Elf:2    | Found Deafa's Armour Emporium.
 59424 | Elf:2    | Got Fikes's Catalogue of Ice
 59434 | Elf:2    | Learned a level 7 spell: Ozocubu's Refrigeration
 59439 | Elf:2    | Learned a level 4 spell: Hailstorm
 59656 | Elf:3    | Entered Level 3 of the Elven Halls
 59987 | Elf:3    | Noticed Saint Roka
 60008 | Elf:3    | Killed Saint Roka
 60273 | Elf:3    | Paralysed by an orc sorcerer for 5 turns
 62152 | Elf:3    | Got the Catalogue of Hexes and Calling
 62402 | Elf:3    | Identified the +1 pair of boots of Life {rC+ Will+ SInv}
 62444 | Elf:3    | Got the Papyrus of Glacial Confrontation
 62449 | Elf:3    | Learned a level 3 spell: Frozen Ramparts
 62829 | Elf:3    | Paralysed by an air elemental for 1 turns
 63377 | Slime:1  | Entered Level 1 of the Pits of Slime
 64474 | Slime:4  | Paralysed by a great orb of eyes for 6 turns
 65104 | Slime:5  | Entered Level 5 of the Pits of Slime
 65306 | Slime:5  | Found the necklace of Bloodlust {*Rage Will++ Int-3 Slay+6}
 65308 | Slime:5  | Found a viscous altar of Jiyva.
 65309 | Slime:5  | Noticed the Royal Jelly
 65315 | Slime:5  | Became a worshipper of Jiyva Jiesoasa the Shapeless
 65526 | Vaults:1 | Entered Level 1 of the Vaults
 65982 | Vaults:1 | Reached XP level 22. HP: 139/172 MP: 34/34
 66792 | Vaults:1 | Reached * piety under Jiyva
 66980 | Vaults:1 | Found Qysoyn's Weapon Shoppe.
 67651 | Vaults:1 | Reached ** piety under Jiyva
 67958 | Vaults:2 | Found a crumbling gateway.
 67979 | Desolati | Entered the Desolation of Salt
 68270 | Desolati | Found the +8 lance "Wyrmbane" {slay drac, rPois rF+ rC+
                  | AC+3}
 68277 | Desolati | Identified the +7 hunting sling of Hottic {flame, Fragile
                  | rC+ rN++}
 68290 | Desolati | Got the Grimoire of the Assorted Friars
 68430 | Desolati | Reached skill level 15 in Armour
 68451 | Desolati | Identified the ring "Voruaklin" {rF+ Will+ MP+9 Int+2
                  | Dex-2}
 68480 | Desolati | Identified the +5 fustibalus "Xuklih" {vorpal, rPois Str+6
                  | Int-4 SInv}
 68487 | Desolati | Got the Compendium of the Escort
 68647 | Desolati | Reached *** piety under Jiyva
 68844 | Desolati | Identified the +2 mace of Gekhluc {vamp, rF+}
 68853 | Desolati | Got the Grimoire of Venom and Flight
 69020 | Desolati | Gained mutation: Your body has grown eyes which may confuse
                  | attackers. (Acc +3) [Jiyva's grace]
 69020 | Desolati | Gained mutation: Your body has grown many eyes which may
                  | confuse attackers. (Acc +5) [Jiyva's grace]
 69020 | Desolati | Gained mutation: Your body is covered in eyes which may
                  | confuse attackers. (Acc +7, SInv) [Jiyva's grace]
 69020 | Desolati | Gained mutation: Your skin changes colour to match your
                  | surroundings (Stealth+). [Jiyva's grace]
 69539 | Vaults:2 | Learned a level 5 spell: Silence
 69737 | Vaults:2 | Reached skill level 1 in Hexes
 69751 | Vaults:2 | Reached **** piety under Jiyva
 69946 | Vaults:2 | Found a staircase to the Crypt.
 70105 | Vaults:2 | Noticed Bai Suzhen
 70756 | Vaults:2 | Reached XP level 23. HP: 99/179 MP: 35/35
 71018 | Vaults:2 | Identified the +2 helmet "Cahootoa" {Str+4 Slay+2}
 71223 | Vaults:2 | Identified the +0 scale mail of Beyond {Str+2}
 71800 | Vaults:3 | Found Paeh Uqe's Distillery.
 71808 | Vaults:3 | Bought a potion of heal wounds for 70 gold pieces
 71808 | Vaults:3 | Bought a potion of haste for 140 gold pieces
 71945 | Vaults:3 | Reached ***** piety under Jiyva
 71965 | Vaults:3 | Reached skill level 15 in Fighting
 72249 | Vaults:3 | Noticed Donald
 72265 | Vaults:3 | Killed Donald
 72505 | Vaults:3 | Lost mutation: Your body is covered in eyes which may
                  | confuse attackers. (Acc +7, SInv) [Jiyva's grace]
 72505 | Vaults:3 | Gained mutation: Your rubbery body absorbs attacks. (AC +1,
                  | EV +1) [Jiyva's grace]
 72505 | Vaults:3 | Gained mutation: Your pliable body absorbs attacks. (AC +2,
                  | EV +2) [Jiyva's grace]
 72505 | Vaults:3 | Gained mutation: Your gelatinous body deflects attacks. (AC
                  | +3, EV +3) [Jiyva's grace]
 72505 | Vaults:3 | Gained mutation: Your movements are slightly less
                  | encumbered by armour. (ER -2) [Jiyva's grace]
 73742 | Vaults:4 | Found a runed translucent gate.
 73742 | Vaults:4 | Found a runed translucent gate.
 73742 | Vaults:4 | Found a runed translucent gate.
 74278 | Depths:1 | Entered Level 1 of the Depths
 74278 | Depths:1 | Reached ****** piety under Jiyva
 74791 | Slime:5  | Identified the +0 pair of boots of the Arena {Will- Int+7
                  | Dex+2}
 74810 | Slime:5  | Identified the +6 spear "Nanos" {vorpal, *Corrode rC+ Will+
                  | Dex+4}
 74828 | Slime:5  | Got a slimy rune of Zot
 75220 | Depths:1 | Found a gateway to a bazaar.
 75231 | Bazaar   | Entered a bazaar
 75235 | Bazaar   | Found Ysunk's Antique Armour Boutique.
 75253 | Bazaar   | Found Muuc's Antique Armour Shoppe.
 75271 | Bazaar   | Found Joen Mey's Book Boutique.
 75289 | Bazaar   | Found Kamoleok's Antique Weapon Emporium.
 75356 | Bazaar   | Bought Ozocubu's Autobiography for 216 gold pieces
 75360 | Bazaar   | Learned a level 3 spell: Ozocubu's Armour
 75619 | Depths:1 | Lost mutation: Your gelatinous body deflects attacks. (AC
                  | +3, EV +3) [Jiyva's grace]
 75619 | Depths:1 | Gained mutation: You have a small jelly attached to you
                  | that may absorb projectiles. [Jiyva's grace]
 75619 | Depths:1 | Gained mutation: Your melee attacks may engulf your foes in
                  | ooze. [Jiyva's grace]
 75619 | Depths:1 | Gained mutation: Armour fits poorly on your pseudopods.
                  | [Jiyva's grace]
 75619 | Depths:1 | Gained mutation: Armour fits poorly on your large
                  | pseudopods. [Jiyva's grace]
 75701 | Depths:1 | Found a gateway to Hell.
 75849 | Depths:1 | Found a basalt altar of Yredelemnul.
 76582 | Depths:2 | Found a one-way gate leading to the halls of Pandemonium.
 76628 | Depths:2 | Found Ipepug's Distillery.
 76637 | Depths:2 | Bought a potion of heal wounds for 75 gold pieces
 76666 | Depths:2 | Noticed the Enchantress
 76669 | Depths:2 | Reached XP level 24. HP: 193/193 MP: 25/35
 76670 | Depths:2 | Killed the Enchantress
 77185 | Depths:2 | Learned a level 5 spell: Metabolic Englaciation
 77188 | Depths:2 | Learned a level 2 spell: Wereblood
 77228 | Depths:3 | Reached skill level 1 in Transmutations
 77727 | Depths:3 | Killed Mara
 77878 | Depths:3 | Lost mutation: Your skin changes colour to match your
                  | surroundings (Stealth+). [Jiyva's grace]
 77878 | Depths:3 | Lost mutation: Your body has grown many eyes which may
                  | confuse attackers. (Acc +5) [Jiyva's grace]
 77878 | Depths:3 | Lost mutation: Your melee attacks may engulf your foes in
                  | ooze. [Jiyva's grace]
 77878 | Depths:3 | Gained mutation: Your flesh is heat resistant. (rF+)
                  | [Jiyva's grace]
 77878 | Depths:3 | Gained mutation: Your flesh is very heat resistant. (rF++)
                  | [Jiyva's grace]
 77878 | Depths:3 | Gained mutation: Your flesh is almost immune to the effects
                  | of heat. (rF+++) [Jiyva's grace]
 77878 | Depths:3 | Gained mutation: Your flesh is cold resistant. (rC+)
                  | [Jiyva's grace]
 78027 | Depths:3 | Reached skill level 5 in Hexes
 78058 | Depths:3 | Found a one-way gate to the infinite horrors of the Abyss.
 78290 | Depths:3 | Noticed a dread lich
 78320 | Depths:3 | Killed a dread lich
 78429 | Depths:3 | Found a glowing golden altar of the Shining One.
 78818 | Depths:3 | Identified the ring of Micejoloorr {Int+4 Dex+6}
 78820 | Depths:3 | Identified the ring "Zoutep" {rN++ Str+6 Int+2 Dex+6}
 78827 | Depths:3 | Identified the amulet "Zohuhob" {Faith rElec Will+ Str+4}
 78849 | Depths:3 | Identified the +7 spear of Awi Neps {vamp, Fly rC+ Will-
                  | Str+5}
 79096 | Depths:4 | Entered Level 4 of the Depths
 79100 | Depths:4 | Reached skill level 5 in Transmutations
 79233 | Depths:4 | Reached skill level 10 in Spellcasting
 79291 | Depths:4 | Noticed a caustic shrike
 79291 | Depths:4 | Noticed a caustic shrike
 79291 | Depths:4 | Noticed a caustic shrike
 79291 | Depths:4 | Noticed a caustic shrike
 79292 | Depths:4 | Noticed a caustic shrike
 79432 | Depths:4 | Found a one-way gateway to a ziggurat.
 79655 | Depths:3 | Killed a caustic shrike
 79701 | Depths:4 | Found a gate to the Realm of Zot.
 79766 | Depths:4 | Killed a caustic shrike
 79908 | Depths:3 | Killed a caustic shrike
 79927 | Depths:3 | Killed a caustic shrike
 79971 | Depths:4 | Killed a caustic shrike
 80326 | Zot:1    | Entered Level 1 of the Realm of Zot
 80378 | Zot:1    | Noticed an orb of fire
 80378 | Zot:1    | Gained mutation: You are dopey. (Int -2) [an orb of fire]
 80386 | Zot:1    | Gained mutation: Your body sometimes deteriorates upon
                  | taking damage. [an orb of fire]
 80395 | Zot:1    | Killed an orb of fire
 80494 | Zot:1    | Reached XP level 25. HP: 195/201 MP: 38/38
 80661 | Depths:4 | Learned a level 9 spell: Polar Vortex
 80782 | Zot:1    | Lost mutation: Your flesh is cold resistant. (rC+) [Jiyva's
                  | grace]
 80782 | Zot:1    | Lost mutation: Your body sometimes deteriorates upon taking
                  | damage. [Jiyva's grace]
 80782 | Zot:1    | Lost mutation: Your flesh is almost immune to the effects
                  | of heat. (rF+++) [Jiyva's grace]
 80782 | Zot:1    | Lost mutation: Your pliable body absorbs attacks. (AC +2,
                  | EV +2) [Jiyva's grace]
 80782 | Zot:1    | Lost mutation: Armour fits poorly on your large pseudopods.
                  | [Jiyva's grace]
 80782 | Zot:1    | Lost mutation: Your movements are slightly less encumbered
                  | by armour. (ER -2) [Jiyva's grace]
 80782 | Zot:1    | Gained mutation: You have supernaturally acute eyesight.
                  | (SInv) [Jiyva's grace]
 80782 | Zot:1    | Gained mutation: You have hidden genetic potential.
                  | [Jiyva's grace]
 80782 | Zot:1    | Gained mutation: You have great hidden genetic potential.
                  | [Jiyva's grace]
 80782 | Zot:1    | Gained mutation: You are robust. (+10% HP) [Jiyva's grace]
 82642 | Zot:3    | Lost mutation: You have supernaturally acute eyesight.
                  | (SInv) [Jiyva's grace]
 82642 | Zot:3    | Gained mutation: You have a small jelly attached to you
                  | that senses nearby items. [Jiyva's grace]
 82642 | Zot:3    | Gained mutation: You are strong-willed. (Will+) [Jiyva's
                  | grace]
 82642 | Zot:3    | Gained mutation: You are highly strong-willed. (Will++)
                  | [Jiyva's grace]
 82642 | Zot:3    | Gained mutation: You are extremely strong-willed. (Will+++)
                  | [Jiyva's grace]
 83224 | Zot:4    | Acquired 918 gold pieces
 83516 | D:13     | Bought the +0 pair of gloves "Loreap" {Int+6} for 2410 gold
                  | pieces
 84187 | Zot:4    | Noticed a Killer Klown
 84191 | Zot:4    | Noticed a dread lich
 84192 | Zot:4    | Noticed ShutUppercut's ghost (legendary DsGl)
 84203 | Zot:4    | Reached XP level 26. HP: 224/232 MP: 39/39
 84206 | Zot:4    | Noticed a Killer Klown
 84211 | Zot:4    | Found a transporter.
 84232 | Zot:4    | Found a transporter.
 84416 | Zot:5    | Entered Level 5 of the Realm of Zot
 84433 | Zot:4    | Acquired 1246 gold pieces
 84802 | Vaults:3 | Bought a potion of experience for 700 gold pieces
 84802 | Vaults:3 | Reached XP level 27. HP: 238/238 MP: 39/39
 84803 | Vaults:3 | Bought a potion of resistance for 140 gold pieces
 84803 | Vaults:3 | Bought a potion of curing for 42 gold pieces
 84803 | Vaults:3 | Bought a potion of flight for 42 gold pieces
 84803 | Vaults:3 | Bought a potion of curing for 42 gold pieces
 84803 | Vaults:3 | Bought a potion of magic for 112 gold pieces
 85125 | Depths:2 | Bought a potion of haste for 150 gold pieces
 85125 | Depths:2 | Bought 2 potions of haste for 300 gold pieces
 85125 | Depths:2 | Bought a potion of mutation for 120 gold pieces
 85125 | Depths:2 | Bought a potion of curing for 45 gold pieces
 85125 | Depths:2 | Bought a potion of curing for 45 gold pieces
 85246 | Zot:5    | Lost mutation: You are dopey. (Int -2) [Jiyva's grace]
 85246 | Zot:5    | Lost mutation: Your flesh is very heat resistant. (rF++)
                  | [Jiyva's grace]
 85246 | Zot:5    | Lost mutation: Your flesh is heat resistant. (rF+) [Jiyva's
                  | grace]
 85246 | Zot:5    | Lost mutation: You are extremely strong-willed. (Will+++)
                  | [Jiyva's grace]
 85246 | Zot:5    | Lost mutation: You are highly strong-willed. (Will++)
                  | [Jiyva's grace]
 85246 | Zot:5    | Lost mutation: Your body has grown eyes which may confuse
                  | attackers. (Acc +3) [Jiyva's grace]
 85246 | Zot:5    | Lost mutation: You have a small jelly attached to you that
                  | senses nearby items. [Jiyva's grace]
 85246 | Zot:5    | Lost mutation: You have great hidden genetic potential.
                  | [Jiyva's grace]
 85246 | Zot:5    | Lost mutation: You have hidden genetic potential. [Jiyva's
                  | grace]
 85246 | Zot:5    | Gained mutation: You are somewhat resistant to further
                  | mutation. [Jiyva's grace]
 85246 | Zot:5    | Gained mutation: You are somewhat resistant to both further
                  | mutation and mutation removal. [Jiyva's grace]
 85246 | Zot:5    | Gained mutation: You are almost entirely resistant to
                  | further mutation and mutation removal. [Jiyva's grace]
 85246 | Zot:5    | Gained mutation: You possess an exceptional clarity of
                  | mind. [Jiyva's grace]
 85334 | Zot:5    | Noticed an orb of fire
 85338 | Zot:5    | Noticed an orb of fire
 85339 | Zot:5    | HP: 8/238 [Orb Guardian (50)]
 85339 | Zot:5    | Annihilated by an Orb Guardian

Illustrated notes

Levels and vault maps discovered:
D:1:      dpeg_arrival_court, layout_loops_corners,
          shapermc_ecumenical_altar_pompeii
D:2:      layout_loops_corners, basic_altar, chequers_serial_rivers_room_b,
          uniq_crazy_yiuf_cottage
D:3:      layout_rooms
D:4:      layout_cave_pods, uniq_robin, uniq_duvessa
D:5:      layout_loops_ring
D:6:      cheibrodos_iron_armory, layout_loops_ring,
          nicolae_dithmenos_through_a_glass_darkly,
          minmay_temple_entry_poolview, serial_aquarium,
          aquarium_bridge_island_small [aquarium_subvault_small_open,
          aquarium_subvault_bridge, aquarium_subvault_window,
          aquarium_subvault_window, aquarium_subvault_wall], aquarium_window_2,
          aquarium_window_double, aquarium_view_2a, aquarium_view_2a,
          amcnicky_mini_pool_medium
D:7:      layout_loops_corners, enter_ossuary_2, nicolae_elevator_lobby_asterisk
D:8:      layout_cave_pools, enter_bailey_6, gammafunk_ghost_split,
          kennysheep_generic_room_12
D:9:      layout_small_grid, gammafunk_ghost_cemetery, minmay_shop_damaged,
          minmay_misc_feat_roman, uniq_maggie
D:10:     layout_stronghold, dpeg_oklobed_lair, amethyst_killhole,
          feat_on_display
D:11:     layout_basic
D:12:     layout_roguey, erik_orc_1, serial_glass, glass_columns_a,
          glass_columns_b, zin_purify, uniq_urug, uniq_maurice
D:13:     layout_long_grid, skrybe_vaults_entry_preservation,
          nicolae_gozag_zags_fifth_avenue, uniq_erolcha
D:14:     layout_long_grid, nicolae_sextant, uniq_azrael, uniq_frances
D:15:     hangedman_slaughterboxes
Temple:   kilobyte_greek_temple
Lair:1:   layout_roguey, small_statue_intersection, grunt_megastairs_4
Lair:2:   layout_chaotic_city, elwin_shoals_entry_rooms,
          portal_ice_cave_demonic_guard, infiniplex_staircase_pool_2,
          lemuel_fruit_fields
Lair:3:   minmay_lair_oklob_chamber, layout_loops_ring, special_room
          [special_room_bee], basic_altar, lemuel_fruit_tree, uniq_gastronok
Lair:4:   layout_regular_city, dummy_snake_entry, uniq_nergalle
Lair:5:   layout_roguey, minmay_slime_entry_pillars, columned_hall_lemuel,
          uniq_kirke
Lair:6:   evilmike_catoblepas_cave, layout_hall_layers
Shoals:1: layout_shoals, uniq_jorgrun
Shoals:2: layout_shoals
Shoals:3: cheibrodos_shoals_baths, layout_shoals, nicolae_alphabet_shops
Shoals:4: shoals_end_hangedman, layout_shoals, nicolae_shoals_mertower
Snake:1:  layout_misc_corridors, grunt_megastairs_5, uniq_aizul
Snake:2:  layout_grid_shapes, drop_trap
Snake:3:  layout_rooms, nicolae_snake_magic_snake_eye
Snake:4:  snake_pit, layout_gridlike, ebering_ghost_xom, serial_shops, shop,
          nicolae_snake_gridmaze_squiggle, drop_trap
Slime:1:  layout_caves
Slime:2:  cheibrodos_slime_lost_civilization_10, layout_caves
Slime:3:  layout_caves
Slime:4:  layout_caves
Slime:5
Orc:1:    layout_caves, uniq_josephine, uniq_snorg
Orc:2:    st_orc_mages, layout_caves
Elf:1:    eino_elf_arrival_altar, layout_gridlike, minmay_elf_annihilation,
          corexii_checkpoint_a, minmay_fountain_box
Elf:2:    nicolae_elf_blades_crystal_corner, layout_loops_cross, serial_shops,
          nicolae_shop_behind_doors, hangedman_research_thermodynamics
Elf:3:    elf_hall_gauntlet_wide, layout_geoelf_grid, uniq_saint_roka
Vaults:1: grunt_vaults_hallway_long, v_misc_26, grunt_vaults_funnel,
          vaults_dpeg_encased_lava, v_misc_29, nicolae_vaults_halls_meeting,
          ontoclasm_vaults_chip, nicolae_vaults_asterisk,
          layout_vaults_omnigrid, serial_shops, shop
Vaults:2: portal_desolation_entry_twin_temple, vaults_dpeg_cross,
          minmay_crypt_entry_simple_sparse, st_greater_box_1,
          hangedman_vaults_river_flow, nicolae_vaults_twisting_passages,
          vaults_room_corners, grunt_vaults_focal, nicolae_vaults_specimen_jars,
          layout_vaults_chaotic_city, uniq_bai_suzhen
Vaults:3: vaults_dpeg_hooks, hangedman_vaults_slice,
          nicolae_vaults_circle_grid_a, nicolae_vaults_diagonal_hallway_9,
          v_rooms_3, v_misc_14, v_misc_10, nicolae_vaults_ninety_degrees,
          hangedman_vaults_maws, nicolae_vaults_alarming,
          nicolae_vaults_little_squares_6, nicolae_vaults_angled_halls,
          layout_vaults_maze_bifur, serial_shops, shop, uniq_donald
Vaults:4: ploomutoo_gammafunk_ghost_potion_laboratory, v_misc_14,
          nicolae_vaults_diagonal_hallway_7, v_misc_17,
          hangedman_vaults_corner_blocks, nicolae_vaults_little_squares_4,
          serial_ice_b, vaults_room_grid, hangedman_vaults_stagger,
          nicolae_vaults_little_ls, v_misc_15, ontoclasm_vaults_loading_screen,
          vaults_room_hallway, layout_vaults_omnicross, uniq_margery
Depths:1: layout_basic, minmay_misc_feat_rows, hell_entry, serial_shops,
          statue_bzr, serial_bayou_lagoon_a,
          yredelemnul_forgotten_temple_becter, grunt_megastairs_2
Depths:2: nicolae_cairo_tiling, layout_gridlike, rand_demon_pan_entry_4,
          serial_sigils_hangedman_etch, hell_entry, serial_shops,
          nicolae_shop_hallway_plus, nicolae_figureground_pulse,
          uniq_enchantress
Depths:3: gold_lair_mu, layout_honeycomb, grunt_hell_entry_dis_mu,
          abyss_entry_glasseish, nicolae_tso_swordbearing_angel,
          hangedman_glass_teeth, infiniplex_staircase_zigzag_5, uniq_mara
Depths:4: grunt_crosshair, layout_cave_pools, enter_ziggurat_f,
          rand_demon_pan_entry_5, abyss_entry_crystal, hell_entry
Zot:1:    layout_basic, grunt_megastairs_1
Zot:2:    layout_misc_corridors, grunt_megastairs_3
Zot:3:    layout_cellular_growth
Zot:4:    layout_cellular_growth, gammafunk_ghost_abyssal_escape,
          grunt_ministairs_14, drop_trap
Zot:5:    layout_cathedral_of_symmetry

Skill      XL: |  1  2  3  4  5  6  7  8  9 10 11 12 13 14 15 16 17 18 19 20 21 22 23 24 25 26 |
---------------+-------------------------------------------------------------------------------+-----
Polearms       | 5 6 7 8 9 11 12 13 14 16 20 23 24 | 24.0
Fighting       | 3 4 7 9 10 12 14 16 17 18 | 18.0
Dodging        | 5 6 9 11 12 13 16 18 19 20 | 20.0
Armour         | 8 10 12 13 14 15 17 | 17.0
Ice Magic      | 7 8 11 14 16 18 20 23 24 | 24.7
Spellcasting   | 4 5 6 8 11 12 | 12.0
Throwing       | 6 8 10 | 10.0
Air Magic      | 3 7 8 10 12 | 12.2
Conjurations   | 1 4 6 |  6.9
Poison Magic   | 1 4 |  4.0
Necromancy     | 1 4 5 |  5.0
Hexes          | 2 3 8 |  8.0
Transmutations | 6 |  6.0

Action                   |  1- 3 |  4- 6 |  7- 9 | 10-12 | 13-15 | 16-18 | 19-21 | 22-24 | 25-27 || total
-------------------------+-------+-------+-------+-------+-------+-------+-------+-------+-------++-------
Melee: Trident           |   105 |   158 |   407 |   259 |       |    34 |       |       |       ||   963
       Punch             |     1 |     2 |     3 |     2 |       |       |       |     5 |     7 ||    20
       Tailslap          |       |       |     9 |       |    14 |    58 |     6 |     1 |       ||    88
       Halberd           |       |       |       |   196 |       |       |       |       |       ||   196
       Glaive            |       |       |       |   286 |       |       |       |       |       ||   286
       Bardiche          |       |       |       |   154 |  1331 |  1467 |  1815 |  1501 |   201 ||  6469
       Quarterstaff      |       |       |       |       |    66 |       |       |       |       ||    66
       Pseudopods        |       |       |       |       |       |       |       |   167 |   144 ||   311
       Lance             |       |       |       |       |       |       |       |   173 |   265 ||   438
Throw: Stone             |    38 |    49 |     9 |       |       |       |       |       |       ||    96
       Throwing net      |       |     1 |       |       |       |     2 |     1 |       |       ||     4
       Dart              |       |       |    19 |    53 |    29 |     1 |     2 |       |       ||   104
       Boomerang         |       |       |       |       |       |    36 |     6 |       |       ||    42
       Javelin           |       |       |       |       |       |     6 |    64 |    28 |     4 ||   102
 Cast: Mephitic Cloud    |       |       |       |       |       |       |    20 |     6 |       ||    26
       Swiftness         |       |       |       |       |       |       |     7 |     1 |       ||     8
       Freezing Cloud    |       |       |       |       |       |       |    22 |    44 |    14 ||    80
       Hailstorm         |       |       |       |       |       |       |     9 |    45 |    10 ||    64
       Ozocubu's Refrige |       |       |       |       |       |       |     6 |    46 |    18 ||    70
       Frozen Ramparts   |       |       |       |       |       |       |     1 |    63 |    18 ||    82
       Ozocubu's Armour  |       |       |       |       |       |       |       |    36 |    50 ||    86
       Silence           |       |       |       |       |       |       |       |     1 |       ||     1
       Wereblood         |       |       |       |       |       |       |       |       |     7 ||     7
       Metabolic Englaci |       |       |       |       |       |       |       |       |     1 ||     1
       Polar Vortex      |       |       |       |       |       |       |       |       |     1 ||     1
Invok: Oozemancy         |       |       |       |       |       |       |       |     1 |       ||     1
Evoke: Wand              |       |       |     3 |    12 |    14 |       |     2 |     2 |       ||    33
       Box of beasts     |       |       |       |       |     1 |       |       |       |       ||     1
       Phial of floods   |       |       |       |       |       |     2 |     1 |     1 |       ||     4
       Phantom mirror    |       |       |       |       |       |       |       |     2 |     1 ||     3
  Use: Scroll            |     1 |     4 |     5 |    17 |    17 |     7 |    11 |     9 |    13 ||    84
       Potion            |       |     1 |     2 |     7 |     9 |    10 |     4 |    17 |    10 ||    60
 Stab: Sleeping          |     1 |       |     1 |       |       |       |       |     3 |       ||     5
       Distracted        |       |       |       |     1 |       |       |       |       |     5 ||     6
       Petrifying        |       |       |       |       |     1 |     1 |       |       |       ||     2
       Held in net/web   |       |       |       |       |       |     2 |     1 |       |       ||     3
       Invisible         |       |       |       |       |       |     9 |       |       |       ||     9
       Confused          |       |       |       |       |       |       |    24 |    33 |     5 ||    62
Armor: Leather armour    |    17 |     2 |     1 |    21 |       |       |       |       |       ||    41
       Scale mail        |     4 |    32 |       |       |       |       |       |       |       ||    36
       Robe              |       |       |    69 |   156 |   212 |       |       |       |       ||   437
       Skin              |       |       |       |    29 |       |       |       |       |       ||    29
       Pearl dragon scal |       |       |       |       |   193 |   479 |   511 |   613 |   117 ||  1913
Dodge: Dodged            |    35 |    46 |   223 |   484 |   927 |  1012 |  1090 |  1298 |   432 ||  5547
